 Dungeon Crawl Stone Soup version 0.30-a0-777-ga9a30cbeda (webtiles) character file.

Game seed: 12146904262862573759

11 PLAYERX the Caller (level 2, -2/23 HPs)
             Began as a Gnoll Wanderer on Feb 13, 2023.
             Slain by a quokka (4 damage)
             ... on level 2 of the Dungeon.
             The game lasted 00:04:18 (664 turns).

PLAYERX the Caller (Gnoll Wanderer)                  Turns: 664, Time: 00:04:19

Health: -2/23      AC:  5    Str: 11    XL:     2   Next: 25%
Magic:  5/5        EV: 11    Int: 13    God:
Gold:   8          SH:  0    Dex:  9    Spells: 5/6 levels left

rFire   . . .      SeeInvis .    a - +0 dagger
rCold   . . .      Faith    .    (no shield)
rNeg    . . .      Spirit   .    d - +0 robe
rPois   .          Reflect  .    (no helmet)
rElec   .          Harm     .    (no cloak)
rCorr   .          Rampage  .    (no gloves)
Will    .....                    f - +2 pair of boots
Stlth   +                        (no amulet)
HPRegen 0.23/turn                (no ring)
MPRegen 0.09/turn                (no ring)

@: no status effects
A: fangs 1, strong nose, distributed training
a: no special abilities


You were on level 2 of the Dungeon.
You visited 1 branch of the dungeon, and saw 2 of its levels.

You collected 8 gold pieces.

Inventory:

Hand Weapons
 a - a +0 dagger (weapon)
Armour
 d - a +0 robe (worn)
 f - a +2 pair of boots (worn)
Wands
 b - a wand of flame (4)
Scrolls
 e - 2 scrolls of teleportation
 g - a scroll of enchant armour {unknown}
Potions
 c - 2 potions of haste
 h - a potion of attraction {unknown}
 i - a potion of curing {unknown}
 j - a potion of mutation {unknown}
 k - a potion of magic {unknown}


   Skills:
 + Level 2.4 Fighting
 + Level 0.3 Short Blades
 + Level 0.3 Long Blades
 + Level 0.3 Axes
 + Level 0.3 Maces & Flails
 + Level 0.3 Polearms
 + Level 0.3 Staves
 + Level 0.3 Ranged Weapons
 + Level 0.3 Throwing
 + Level 0.3 Armour
 + Level 0.3 Dodging
 + Level 0.3 Stealth
 + Level 0.3 Shields
 + Level 0.3 Unarmed Combat
 + Level 2.7 Spellcasting
 + Level 0.2 Conjurations
 + Level 0.2 Hexes
 + Level 7.0 Summonings
 + Level 0.2 Necromancy
 + Level 0.2 Translocations
 + Level 0.2 Transmutations
 + Level 0.2 Fire Magic
 + Level 0.2 Ice Magic
 + Level 0.2 Air Magic
 + Level 0.2 Earth Magic
 + Level 0.2 Poison Magic
 + Level 2.5 Invocations
 + Level 6.4 Evocations


You had 5 spell levels left.
You knew the following spells:

 Your Spells              Type           Power      Damage    Failure   Level
a - Summon Small Mammal   Summ           80%        N/A       1%          1

Your spell library contained the following spells:

 Spells                   Type           Power      Damage    Failure   Level
 Summon Guardian Golem    Hex/Summ       11%        N/A       16%         3
 Summon Lightning Spire   Summ/Air       11%        N/A       47%         4
 Chain Lightning          Conj/Air       1%         3d1       100%        9
 Fire Storm               Conj/Fire      1%         7d1       100%        9
 Shatter                  Erth           1%         3d5*      100%        9


Dungeon Overview and Level Annotations

Branches:
Dungeon (2/15)

Altars:


Innate Abilities, Weirdness & Mutations

You have very sharp teeth.
Your uncanny sense of smell can sniff out nearby items.
Your experience applies equally to all skills.


Message History

The hobgoblin hits you but does no damage.
The quokka bites you.
You hit the hobgoblin but do no damage.
The hobgoblin is moderately wounded.
The quokka bites you. The hobgoblin hits you.
* * * LOW HITPOINT WARNING * * *
The rat barely misses you.
You barely miss the hobgoblin.
The hobgoblin is moderately wounded.
The quokka bites you.
* * * LOW HITPOINT WARNING * * *
The rat completely misses you.
The hobgoblin hits you but does no damage.
You hit the hobgoblin but do no damage.
The hobgoblin is moderately wounded.
The quokka barely misses you. The hobgoblin barely misses you.
The rat closely misses you. The quokka barely misses you.
You closely miss the hobgoblin.
The hobgoblin is moderately wounded.
The hobgoblin barely misses you. The rat misses you.
The quokka bites you but does no damage.
You barely miss the hobgoblin.
The hobgoblin is moderately wounded.
The rat barely misses you. The hobgoblin barely misses you.
The quokka misses you.
You closely miss the hobgoblin.
The hobgoblin is moderately wounded.
The quokka barely misses you. The hobgoblin hits you.
* * * LOW HITPOINT WARNING * * *
The rat closely misses you.
You closely miss the hobgoblin.
You bite the hobgoblin, but do no damage.
The hobgoblin is moderately wounded.
The quokka bites you.
* * * LOW HITPOINT WARNING * * *
The hobgoblin closely misses you. The rat bites you but does no damage.
You hit the hobgoblin but do no damage.
The hobgoblin is moderately wounded.
The quokka bites you.
You die...

#..####+#
#.....#.#
####.....$.####
...............
...........
#!......
#.....# #...gr#
#...@.# ###r###
#. #. #. #. ..
#. ∆


You could see a quokka, a hobgoblin and a rat.

Vanquished Creatures
  An endoplasm (D:1)
  3 goblins
  2 kobolds (D:1)
  2 quokkas (D:1)
  2 rats (D:1)
10 creatures vanquished.

Notes
Turn   | Place    | Note
-------+----------+-------------------------------------------
     0 | D:1      | PLAYERX the Gnoll Wanderer began the quest for the Orb.
     0 | D:1      | PLAYERX set off with the following items: a +0 club, a wand
                  | of flame (4), a potion of haste, a +0 robe, a scroll of
                  | teleportation; and the following spell memorised: Summon
                  | Small Mammal; and the following spells available to
                  | memorise: Summon Guardian Golem, Summon Lightning Spire.
     0 | D:1      | Reached XP level 1. HP: 17/17 MP: 4/4
   181 | D:1      | Reached XP level 2. HP: 23/23 MP: 5/5
   664 | D:2      | Slain by a quokka

Illustrated notes

Levels and vault maps discovered:
D:1:      nzn_arrival_water_spiral, layout_rooms
D:2:      layout_rooms, hellmonk_ecumenical_altar_pennies_from_heaven,
          basic_altar, kennysheep_generic_room_11

Action                     || total
---------------------------++-------
  Melee: Club              ||    18
         Bite              ||     7
         Dagger            ||    46
 Armour: Robe              ||    19
  Dodge: Dodged            ||    48

Table legend: (Time is in decaauts)
 A = Elapsed time spent in this place.
 B = Non-inter-level travel time spent in this place.
 C = Inter-level travel time spent in this place.
 D = Time resting spent in this place.
 E = Time spent auto-exploring this place.
 F = Levels seen in this place.
 G = Mean time per level.
                   A        B        C        D        E       F      G
               +--------+--------+--------+--------+--------+-----+--------+
         Total |    667 |    667 |      0 |      0 |    433 |   2 |  333.5 |
       Dungeon |    667 |    667 |      0 |      0 |    433 |   2 |  333.5 |
               +--------+--------+--------+--------+--------+-----+--------+

Top non-repeatable levels by time:
     D:1: 640 daAuts
     D:2: 27 daAuts
